 Dungeon Crawl Stone Soup version 0.24-a0-341-g52ca42d3ec (webtiles) character file.

Game seed: 7099844704468038294

27 Borgoz the Cudgeler (level 3, -1/22 HPs)
             Began as a Gargoyle Gladiator on May 20, 2019.
             Slain by a goblin
             ... wielding a +0 club
              (3 damage)
             ... on level 1 of the Dungeon.
             The game lasted 00:00:30 (350 turns).

Borgoz the Cudgeler (Gargoyle Gladiator)             Turns: 350, Time: 00:00:31

Health: -1/22      AC:  7    Str: 18    XL:     3   Next: 10%
Magic:  3/3        EV: 12    Int:  8    God:
Gold:   69         SH:  0    Dex: 11    Spells: 2/2 levels left

rFire    . . .     SeeInvis .   a - +0 flail
rCold    . . .     Gourm    .   (no shield)
rNeg     + . .     Faith    .   b - +0 leather armour
rPois    ∞         Spirit   .   c - +0 helmet
rElec    +         Reflect  .   (no cloak)
rCorr    .         Harm     .   (no gloves)
MR       .....                  (no boots)
Stlth    +.........             (no amulet)
HPRegen  0.07/turn              (no ring)
MPRegen  0.08/turn              (no ring)

@: no status effects
A: negative energy resistance 1, electricity resistance, unbreathing,
petrification resistance, rot immunity, AC +3
a: no special abilities


You were on level 1 of the Dungeon.
You were not hungry.

You visited 1 branch of the dungeon, and saw 1 of its levels.

You collected 69 gold pieces.

Inventory:

Hand Weapons
 a - a +0 flail (weapon)
Missiles
 d - a throwing net (quivered)
Armour
 b - a +0 leather armour (worn)
 c - a +0 helmet (worn)
Scrolls
 e - a scroll of enchant armour {unknown}
 j - a scroll of teleportation {unknown}
Potions
 h - a potion of degeneration {unknown}
 i - a potion of mutation {unknown}
Comestibles
 f - a ration


   Skills:
 + Level 2.5 Fighting
 * Level 3.4 Maces & Flails
 - Level 1.7 Throwing
 + Level 1.0 Armour
 * Level 2.8 Dodging


You had 2 spell levels left.
You didn't know any spells.
Your spell library was empty.

Dungeon Overview and Level Annotations

Branches:
Dungeon (1/15)

Altars:


Innate Abilities, Weirdness & Mutations

You are resistant to torment.
Your stone body is resilient. (AC +3)
You are immune to poison.
You resist negative energy. (rN+)
You are resistant to electric shocks. (rElec)
You can survive without breathing.
You are immune to petrification.
You are immune to rotting.


Message History

The gnoll struggles against the net.
You hit the gnoll.
The gnoll is severely wounded.
The gnoll struggles against the net. x2
You thump the gnoll!
You kill the gnoll!
Your Armour skill increases to level 1!
You have reached level 3!
Your experience leads to an increase in your attributes!
Increase (S)trength, (I)ntelligence, or (D)exterity?
You feel stronger.
Drop what? 9/52 slots (_ for help) (? for menu, Esc to quit)
Okay, then.
Throwing (i - inventory)
d - 2 throwing nets (quivered)
Press: ? - help, Shift-Dir - straight line, f - goblin
Aim: a goblin, wielding a +0 club You throw a throwing net.
The throwing net closely misses the goblin.
The goblin hits you with a +0 club.
You die...

###.## #..#.#
..... ##.# #..#.#
#.....
#.###..#.##......
#).....#.#.......
#.###..#.#.##....
#......#.#(##.##.
#####.##.(†.!)##.
#.###g##$.... #.#
#@##.##.#
#.##.....##..
.##.###..... #.
###.. #. # #. #.
#.


You could see a goblin.

Vanquished Creatures
  A gnoll (D:1)
  3 dart slugs (D:1)
  A giant cockroach (D:1)
  4 hobgoblins (D:1)
  A bat (D:1)
  A frilled lizard (D:1)
  A rat (D:1)
12 creatures vanquished.

Notes
Turn   | Place    | Note
-------+----------+-------------------------------------------
     0 | D:1      | Borgoz the Gargoyle Gladiator began the quest for the Orb.
     0 | D:1      | Reached XP level 1. HP: 12/12 MP: 1/1
   201 | D:1      | Reached XP level 2. HP: 18/18 MP: 2/2
   349 | D:1      | Reached skill level 1 in Armour
   349 | D:1      | Reached XP level 3. HP: 1/22 MP: 3/3
   350 | D:1      | Slain by a goblin

Levels and vault maps discovered:
D:1:      dpeg_arrival_round_c, layout_basic, minmay_tetromino_o4

Skill      XL: |  1  2 |
---------------+-------+-----
Armour         | 1 |  1.0
Fighting       | |  2.5
Maces & Flails | |  3.4
Throwing       | |  1.7
Dodging        | |  2.8

Action                   || total
-------------------------++-------
Melee: Flail             ||    39
Throw: Throwing net      ||     2
Armor: Leather armour    ||    17
Dodge: Dodged            ||    26

Table legend:
 A = Non-vault XP
 B = Vault XP
 C = Vault XP percentage of total XP
 D = Non-vault monster count
 E = Vault monster count
 F = Vault count percentage of total count
                 A         B        C        D         E       F
            +---------+---------+-------+---------+---------+-------
      Total |      35 |       4 |  10.3 |      10 |       2 |  16.7
            +---------+---------+-------+---------+---------+-------
        D:1 |      35 |       4 |  10.3 |      10 |       2 |  16.7
            +---------+---------+-------+---------+---------+-------
